General information
- name: BNet
- type: Ladder team game (AT/RT)
- host: Battle.net
- saver: AltarOfGorps
map: SunrockCove
- players: 6
- length: 101:40
- speed: Fast
- version: 1.27 W3XP
- replay type:

» download(649 KB)
Players
team 1 (loser)
LaYoye (
teal | 51 APM | 5075 actions | 100:06)
6 Archmage
3 Summon Water Elemental
2 Brilliance Aura
1 Mass Teleport
5 Paladin
3 Holy Light
2 Divine Shield
» actions
| Assign group hotkey | 309 | |
| Basic commands | 148 | |
| Build / train | 121 | |
| ESC pressed | 6 | |
| Enter build submenu | 36 | |
| Enter hero's abilities submenu | 11 | |
| Give item / drop item | 1 | |
| Remove unit from queue | 6 | |
| Right click | 2493 | |
| Select / deselect | 1515 | |
| Select group hotkey | 209 | |
| Use ability | 219 | |
5075 total
» units
| Peasant | 15 | |
| Footman | 5 | |
| Rifleman | 9 | |
| Mortar Team | 32 | |
| Priest | 8 | |
| Sorceress | 5 | |
| Siege Engine | 5 | |
| Goblin Zeppelin | 2 | |
81 total
» upgrades
| Long Rifles | 1 | |
| Flare | 1 | |
| Gunpowder | 3 | |
| Fragmentation Shards | 1 | |
| Armor | 2 | |
8 total
» buildings
| Altar of Kings | 1 | |
| Farm | 9 | |
| Barracks | 1 | |
| Scout Tower | 12 | |
| Arcane Tower | 4 | |
| Arcane Vault | 1 | |
| Blacksmith | 1 | |
| Keep | 1 | |
| Workshop | 1 | |
| Arcane Sanctum | 1 | |
| Town Hall | 1 | |
| Castle | 1 | |
| Cannon Tower | 1 | |
| Lumber Mill | 1 | |
| Guard Tower | 4 | |
40 total
» build order
00:07 Altar of Kings
00:20 Farm
00:31 Barracks
01:04 Farm
01:46 Scout Tower
02:25 Arcane Tower
02:39 Farm
03:21 Arcane Vault
03:30 Blacksmith
03:35 Farm
04:57 Keep
05:01 Farm
05:40 Farm
05:44 Scout Tower
06:17 Arcane Tower
06:46 Farm
07:34 Workshop
07:36 Arcane Sanctum
08:07 Town Hall
12:04 Castle
16:53 Farm
16:55 Farm
16:58 Scout Tower
17:00 Scout Tower
19:03 Scout Tower
19:05 Scout Tower
20:13 Cannon Tower
20:15 Arcane Tower
20:31 Scout Tower
21:01 Arcane Tower
21:09 Lumber Mill
21:14 Scout Tower
23:10 Scout Tower
23:12 Guard Tower
24:16 Guard Tower
25:28 Scout Tower
26:32 Guard Tower
26:37 Scout Tower
27:11 Guard Tower
49:38 Scout Tower
» items
| Scroll of Regeneration | 1 | |
| Scroll of Town Portal | 1 | |
2 total
Nerdfury75 (
purple | 50 APM | 5039 actions | 101:36)
7 Death Knight
3 Death Coil
2 Unholy Aura
1 Death Pact
1 Animate Dead
» actions
| Assign group hotkey | 50 | |
| Basic commands | 7 | |
| Build / train | 113 | |
| Enter build submenu | 29 | |
| Enter hero's abilities submenu | 7 | |
| Give item / drop item | 7 | |
| Remove unit from queue | 1 | |
| Right click | 3685 | |
| Select / deselect | 660 | |
| Select group hotkey | 364 | |
| Use ability | 116 | |
5039 total
» units
| Acolyte | 19 | |
| Ghoul | 2 | |
| Crypt Fiend | 14 | |
| Abomination | 2 | |
| Meatwagon | 35 | |
| Goblin Zeppelin | 1 | |
| Frost Wyrm | 9 | |
82 total
» upgrades
| Creature Attack | 3 | |
| Web | 1 | |
| Unholy Armor | 2 | |
| Disease Cloud | 1 | |
| Freezing Breath | 1 | |
8 total
» buildings
| Ziggurat | 18 | |
| Altar of Darkness | 1 | |
| Crypt | 2 | |
| Nerubian Tower | 6 | |
| Graveyard | 1 | |
| Halls of the Dead | 1 | |
| Spirit Tower | 5 | |
| Slaughterhouse | 3 | |
| Black Citadel | 1 | |
| Necropolis | 2 | |
| Sacrificial Pit | 1 | |
| Boneyard | 2 | |
43 total
» build order
00:13 Ziggurat
00:16 Altar of Darkness
00:39 Crypt
01:42 Ziggurat
01:57 Ziggurat
02:45 Crypt
02:50 Ziggurat
02:57 Nerubian Tower
03:16 Nerubian Tower
03:36 Ziggurat
03:48 Graveyard
04:57 Ziggurat
05:01 Halls of the Dead
05:33 Spirit Tower
06:25 Ziggurat
07:41 Ziggurat
07:43 Nerubian Tower
08:54 Slaughterhouse
11:57 Black Citadel
13:57 Spirit Tower
20:15 Necropolis
21:06 Necropolis
25:53 Ziggurat
25:55 Ziggurat
25:57 Ziggurat
25:58 Ziggurat
26:40 Ziggurat
26:42 Ziggurat
27:26 Spirit Tower
30:58 Nerubian Tower
30:59 Nerubian Tower
31:01 Spirit Tower
37:17 Slaughterhouse
37:22 Slaughterhouse
76:56 Ziggurat
76:58 Ziggurat
77:00 Ziggurat
79:46 Nerubian Tower
79:48 Spirit Tower
79:56 Sacrificial Pit
80:58 Boneyard
81:01 Boneyard
82:42 Ziggurat
» items
yannwing (
blue | 107 APM | 10911 actions | 101:35)
8 Demon Hunter
3 Immolation
3 Evasion
1 Metamorphosis
1 Mana Burn
» actions
| Assign group hotkey | 208 | |
| Build / train | 165 | |
| Enter build submenu | 26 | |
| Enter hero's abilities submenu | 8 | |
| Give item / drop item | 4 | |
| Right click | 8649 | |
| Select / deselect | 427 | |
| Select group hotkey | 1350 | |
| Use ability | 74 | |
10911 total
» units
| Wisp | 17 | |
| Archer | 4 | |
| Huntress | 27 | |
| Dryad | 1 | |
| Druid of the Claw | 3 | |
| Chimaera | 59 | |
| Goblin Zeppelin | 1 | |
112 total
» upgrades
| Druid of the Claw Training | 2 | |
| Abolish Magic | 1 | |
| Corrosive Breath | 1 | |
| Strength of the Wild | 3 | |
| Reinforced Hides | 3 | |
10 total
» buildings
| Altar of Elders | 1 | |
| Moon Well | 8 | |
| Ancient of War | 2 | |
| Ancient of Wonders | 1 | |
| Hunter's Hall | 1 | |
| Tree of Ages | 2 | |
| Ancient of Lore | 1 | |
| Tree of Eternity | 5 | |
| Ancient of Wind | 1 | |
| Chimaera Roost | 2 | |
| Tree of Life | 2 | |
26 total
» build order
00:08 Altar of Elders
00:10 Moon Well
00:24 Ancient of War
01:27 Ancient of Wonders
01:44 Moon Well
02:18 Ancient of War
02:52 Moon Well
03:52 Hunter's Hall
03:55 Moon Well
04:50 Moon Well
08:21 Tree of Ages
10:41 Moon Well
11:39 Ancient of Lore
12:33 Tree of Eternity
12:33 Tree of Eternity
12:34 Tree of Eternity
15:14 Ancient of Wind
17:07 Chimaera Roost
17:10 Chimaera Roost
20:24 Tree of Life
27:07 Tree of Life
48:36 Moon Well
48:39 Moon Well
» items
| Dust of Appearance | 7 | |
| Staff of Teleportation | 2 | |
| Potion of Lesser Invulnerability | 2 | |
11 total
team 2 (winner)
AltarOfGorps (
orange | 86 APM | 8776 actions | 101:40)
6 Warden
3 Shadow Strike
3 Blink
5 Pandaren Brewmaster
3 Breath of Fire
2 Drunken Haze
» actions
| Assign group hotkey | 70 | |
| Basic commands | 61 | |
| Build / train | 105 | |
| ESC pressed | 2 | |
| Enter build submenu | 44 | |
| Enter hero's abilities submenu | 11 | |
| Give item / drop item | 29 | |
| Remove unit from queue | 11 | |
| Right click | 5633 | |
| Select / deselect | 1459 | |
| Select group hotkey | 553 | |
| Use ability | 791 | |
8776 total
» units
» upgrades
| Nature's Blessing | 1 | |
| Well Spring | 2 | |
| Ultravision | 1 | |
| Strength of the Wild | 1 | |
| Reinforced Hides | 1 | |
6 total
» buildings
| Altar of Elders | 3 | |
| Moon Well | 23 | |
| Tree of Ages | 5 | |
| Tree of Life | 3 | |
| Ancient of Wonders | 1 | |
| Tree of Eternity | 2 | |
| Hunter's Hall | 1 | |
38 total
» build order
00:08 Altar of Elders
00:10 Moon Well
01:58 Moon Well
03:30 Moon Well
06:00 Tree of Ages
06:01 Tree of Ages
06:33 Tree of Life
07:25 Ancient of Wonders
09:48 Tree of Eternity
09:52 Hunter's Hall
12:22 Moon Well
12:23 Moon Well
12:30 Moon Well
14:09 Tree of Life
24:50 Moon Well
24:50 Moon Well
24:53 Moon Well
24:54 Moon Well
24:55 Moon Well
26:10 Moon Well
26:11 Moon Well
26:12 Moon Well
26:18 Moon Well
26:19 Moon Well
26:22 Tree of Life
48:31 Altar of Elders
48:32 Moon Well
48:33 Moon Well
48:35 Moon Well
68:32 Altar of Elders
71:13 Moon Well
73:08 Moon Well
73:22 Moon Well
73:32 Moon Well
» items
| Boots of Speed | 2 | |
| Staff of Teleportation | 2 | |
| Lesser Clarity Potion | 8 | |
| Healing Salve | 4 | |
| Moonstone | 4 | |
| Staff of Preservation | 1 | |
| Orb of Venom | 2 | |
| Orb of Lightning | 1 | |
| Staff of Sanctuary | 1 | |
| Periapt of Vitality | 3 | |
| Tiny Great Hall | 1 | |
29 total
hammerhugs (
green | 81 APM | 8186 actions | 101:36)
6 Mountain King
3 Storm Bolt
2 Bash
1 Avatar
5 Paladin
3 Holy Light
2 Divine Shield
5 Blood Mage
2 Banish
3 Siphon Mana
» actions
| Assign group hotkey | 446 | |
| Basic commands | 81 | |
| Build / train | 193 | |
| Enter build submenu | 142 | |
| Enter hero's abilities submenu | 16 | |
| Give item / drop item | 16 | |
| Right click | 3818 | |
| Select / deselect | 1068 | |
| Select group hotkey | 1827 | |
| Use ability | 574 | |
8186 total
» units
| Peasant | 24 | |
| Goblin Zeppelin | 1 | |
| Dragonhawk Rider | 9 | |
34 total
» upgrades
| Masonry | 3 | |
| Lumber Harvesting | 2 | |
| Magic Sentry | 1 | |
| Swords | 3 | |
| Armor | 3 | |
| Animal War Training | 1 | |
13 total
» buildings
| Altar of Kings | 1 | |
| Farm | 12 | |
| Lumber Mill | 1 | |
| Scout Tower | 240 | |
| Arcane Tower | 27 | |
| Guard Tower | 83 | |
| Keep | 2 | |
| Town Hall | 3 | |
| Castle | 1 | |
| Arcane Sanctum | 1 | |
| Arcane Vault | 4 | |
| Gryphon Aviary | 1 | |
| Blacksmith | 1 | |
| Barracks | 1 | |
378 total
» build order
00:06 Altar of Kings
00:11 Farm
00:36 Farm
00:40 Lumber Mill
00:54 Farm
00:58 Scout Tower
01:02 Scout Tower
01:28 Arcane Tower
01:29 Scout Tower
01:34 Scout Tower
01:35 Arcane Tower
01:57 Scout Tower
02:00 Scout Tower
02:06 Guard Tower
02:19 Guard Tower
02:21 Scout Tower
02:27 Scout Tower
02:27 Guard Tower
02:55 Guard Tower
02:57 Scout Tower
02:59 Guard Tower
03:00 Guard Tower
03:01 Scout Tower
04:00 Scout Tower
04:02 Guard Tower
04:08 Guard Tower
04:09 Guard Tower
04:09 Guard Tower
04:39 Keep
04:39 Keep
05:18 Town Hall
05:48 Scout Tower
05:49 Scout Tower
05:53 Scout Tower
05:54 Scout Tower
05:54 Scout Tower
05:54 Scout Tower
05:55 Scout Tower
05:55 Scout Tower
06:10 Guard Tower
06:12 Scout Tower
06:13 Scout Tower
06:17 Scout Tower
06:18 Scout Tower
06:19 Scout Tower
06:22 Scout Tower
06:23 Scout Tower
06:45 Guard Tower
06:52 Arcane Tower
06:53 Guard Tower
07:26 Castle
07:55 Arcane Sanctum
08:05 Guard Tower
08:07 Scout Tower
08:07 Scout Tower
08:08 Scout Tower
08:10 Guard Tower
08:24 Guard Tower
08:27 Guard Tower
08:28 Scout Tower
08:29 Scout Tower
08:35 Guard Tower
08:36 Scout Tower
08:37 Scout Tower
09:06 Guard Tower
09:07 Scout Tower
09:09 Scout Tower
09:09 Scout Tower
09:10 Scout Tower
09:10 Scout Tower
09:26 Guard Tower
09:27 Scout Tower
09:28 Scout Tower
09:32 Guard Tower
09:33 Scout Tower
09:34 Scout Tower
09:35 Scout Tower
09:36 Scout Tower
09:37 Scout Tower
09:37 Scout Tower
09:39 Scout Tower
09:40 Scout Tower
09:46 Arcane Vault
09:48 Arcane Vault
10:05 Guard Tower
10:28 Guard Tower
10:57 Arcane Tower
11:08 Scout Tower
11:08 Scout Tower
11:09 Scout Tower
11:09 Scout Tower
11:10 Scout Tower
11:10 Scout Tower
11:13 Scout Tower
11:14 Scout Tower
11:14 Scout Tower
11:16 Scout Tower
11:19 Scout Tower
11:20 Scout Tower
11:20 Scout Tower
11:21 Scout Tower
11:25 Guard Tower
11:46 Guard Tower
12:11 Scout Tower
12:11 Scout Tower
12:13 Guard Tower
12:19 Scout Tower
12:50 Guard Tower
12:59 Scout Tower
12:59 Scout Tower
13:03 Guard Tower
13:08 Guard Tower
13:15 Scout Tower
13:16 Scout Tower
13:36 Scout Tower
13:36 Scout Tower
13:40 Scout Tower
13:41 Scout Tower
13:55 Guard Tower
14:16 Guard Tower
14:18 Scout Tower
14:19 Arcane Tower
14:22 Guard Tower
14:26 Scout Tower
14:27 Scout Tower
14:27 Scout Tower
14:29 Scout Tower
14:33 Scout Tower
14:34 Scout Tower
14:35 Scout Tower
14:36 Scout Tower
14:36 Scout Tower
14:37 Scout Tower
14:38 Scout Tower
14:38 Scout Tower
14:39 Scout Tower
14:39 Scout Tower
14:40 Scout Tower
14:40 Scout Tower
14:49 Guard Tower
14:52 Scout Tower
14:57 Scout Tower
14:57 Scout Tower
15:09 Guard Tower
15:20 Guard Tower
15:21 Scout Tower
15:31 Arcane Tower
16:05 Guard Tower
16:07 Guard Tower
16:08 Scout Tower
16:19 Guard Tower
16:20 Scout Tower
16:24 Guard Tower
16:36 Guard Tower
16:41 Scout Tower
16:42 Scout Tower
16:52 Guard Tower
16:54 Farm
19:07 Town Hall
19:09 Scout Tower
19:10 Scout Tower
19:10 Scout Tower
19:11 Scout Tower
19:12 Scout Tower
19:12 Scout Tower
19:14 Scout Tower
19:15 Scout Tower
19:15 Scout Tower
19:16 Scout Tower
19:16 Scout Tower
19:17 Scout Tower
19:18 Scout Tower
19:18 Scout Tower
19:20 Guard Tower
19:27 Guard Tower
19:29 Scout Tower
19:30 Scout Tower
19:36 Farm
19:44 Scout Tower
19:45 Scout Tower
19:45 Scout Tower
19:54 Arcane Tower
19:55 Arcane Tower
20:00 Arcane Tower
20:02 Guard Tower
20:06 Scout Tower
20:07 Scout Tower
20:08 Scout Tower
20:10 Scout Tower
20:11 Scout Tower
20:13 Scout Tower
20:14 Scout Tower
20:16 Scout Tower
20:17 Guard Tower
20:36 Guard Tower
20:38 Guard Tower
20:41 Guard Tower
20:53 Guard Tower
20:55 Guard Tower
20:57 Scout Tower
20:57 Scout Tower
20:58 Scout Tower
21:02 Scout Tower
21:04 Scout Tower
21:04 Scout Tower
21:05 Scout Tower
21:06 Scout Tower
21:07 Guard Tower
21:17 Guard Tower
21:22 Guard Tower
21:34 Guard Tower
21:40 Guard Tower
22:07 Guard Tower
22:51 Guard Tower
23:04 Guard Tower
23:07 Guard Tower
23:09 Scout Tower
23:10 Scout Tower
23:11 Scout Tower
23:13 Scout Tower
23:27 Scout Tower
23:28 Scout Tower
25:54 Guard Tower
26:31 Guard Tower
27:03 Scout Tower
27:03 Scout Tower
27:04 Scout Tower
27:05 Scout Tower
27:05 Scout Tower
27:06 Scout Tower
27:07 Scout Tower
27:07 Scout Tower
27:10 Scout Tower
27:11 Scout Tower
27:11 Scout Tower
27:12 Scout Tower
27:13 Scout Tower
27:13 Scout Tower
27:13 Scout Tower
27:14 Scout Tower
27:15 Scout Tower
27:42 Arcane Tower
27:42 Arcane Tower
27:58 Guard Tower
29:23 Guard Tower
31:07 Guard Tower
36:15 Scout Tower
36:16 Scout Tower
36:17 Scout Tower
36:17 Scout Tower
37:01 Guard Tower
37:15 Guard Tower
38:05 Guard Tower
40:44 Town Hall
40:51 Scout Tower
40:52 Scout Tower
40:53 Scout Tower
40:54 Scout Tower
40:55 Scout Tower
40:55 Scout Tower
40:57 Scout Tower
40:57 Scout Tower
41:00 Scout Tower
41:01 Scout Tower
41:01 Scout Tower
41:02 Scout Tower
41:03 Scout Tower
41:04 Scout Tower
41:06 Scout Tower
41:07 Scout Tower
41:07 Scout Tower
41:09 Scout Tower
41:10 Scout Tower
41:13 Scout Tower
41:14 Scout Tower
41:15 Scout Tower
41:15 Scout Tower
41:16 Scout Tower
41:16 Scout Tower
41:17 Scout Tower
41:18 Scout Tower
41:21 Scout Tower
41:22 Scout Tower
41:23 Scout Tower
41:23 Scout Tower
41:24 Scout Tower
41:25 Scout Tower
41:26 Scout Tower
41:28 Scout Tower
41:29 Scout Tower
41:30 Scout Tower
41:31 Scout Tower
41:32 Scout Tower
41:33 Scout Tower
41:33 Scout Tower
41:34 Scout Tower
41:35 Scout Tower
41:35 Scout Tower
41:39 Scout Tower
41:40 Scout Tower
41:40 Scout Tower
41:41 Scout Tower
41:42 Scout Tower
41:43 Scout Tower
41:46 Scout Tower
41:47 Scout Tower
41:48 Scout Tower
41:49 Scout Tower
41:49 Scout Tower
41:50 Scout Tower
41:51 Scout Tower
41:52 Scout Tower
42:26 Arcane Tower
42:31 Arcane Tower
42:35 Guard Tower
42:51 Guard Tower
43:29 Guard Tower
43:34 Guard Tower
43:37 Guard Tower
43:56 Gryphon Aviary
44:00 Blacksmith
44:17 Guard Tower
44:19 Scout Tower
44:20 Scout Tower
44:21 Scout Tower
44:24 Scout Tower
44:25 Scout Tower
44:53 Guard Tower
45:05 Barracks
45:18 Guard Tower
45:20 Guard Tower
45:46 Guard Tower
45:59 Farm
45:59 Farm
46:01 Farm
46:14 Guard Tower
46:25 Scout Tower
46:26 Scout Tower
46:28 Scout Tower
46:52 Guard Tower
47:00 Farm
47:18 Arcane Tower
47:50 Guard Tower
48:08 Scout Tower
48:09 Scout Tower
48:10 Scout Tower
48:10 Scout Tower
48:50 Guard Tower
49:19 Arcane Tower
49:28 Arcane Tower
49:51 Guard Tower
51:34 Scout Tower
51:35 Scout Tower
51:36 Scout Tower
52:03 Arcane Tower
52:30 Arcane Tower
52:35 Scout Tower
52:37 Scout Tower
52:38 Scout Tower
52:39 Scout Tower
52:42 Scout Tower
52:44 Scout Tower
53:23 Arcane Tower
54:00 Arcane Tower
54:00 Arcane Tower
54:43 Arcane Tower
54:44 Arcane Tower
54:44 Arcane Tower
54:53 Arcane Vault
55:43 Arcane Tower
56:06 Farm
56:08 Farm
57:40 Farm
59:03 Scout Tower
59:37 Arcane Tower
77:29 Arcane Vault
» items
| Boots of Speed | 3 | |
| Staff of Teleportation | 3 | |
| Lesser Clarity Potion | 1 | |
| Staff of Sanctuary | 3 | |
| Orb of Lightning | 3 | |
| Circlet of Nobility | 1 | |
14 total
nutsonyochin.de (
yellow | 82 APM | 8297 actions | 101:36)
7 Blademaster
3 Wind Walk
3 Critical Strike
1 Bladestorm
4 Dark Ranger
2 Silence
2 Life Drain
» actions
| Assign group hotkey | 19 | |
| Basic commands | 103 | |
| Build / train | 84 | |
| ESC pressed | 5 | |
| Enter build submenu | 93 | |
| Enter hero's abilities submenu | 11 | |
| Give item / drop item | 11 | |
| Right click | 4310 | |
| Select / deselect | 649 | |
| Select group hotkey | 2504 | |
| Use ability | 508 | |
8297 total
» units
| Peon | 16 | |
| Troll Batrider | 9 | |
| Goblin Zeppelin | 1 | |
| Shaman | 1 | |
| Troll Witch Doctor | 1 | |
| Spirit Walker | 1 | |
29 total
» upgrades
| Spiked Barricades | 1 | |
| Reinforced Defenses | 1 | |
| Liquid Fire | 1 | |
| Ranged Weapons | 3 | |
| Armor | 3 | |
| Envenomed Spears | 1 | |
| War Drums Damage Increase | 1 | |
| Ensnare | 1 | |
| Shaman Training | 2 | |
| Witch Doctor Training | 2 | |
| Spirit Walker Training | 2 | |
18 total
» buildings
| Altar of Storms | 2 | |
| Orc Burrow | 9 | |
| War Mill | 1 | |
| Voodoo Lounge | 5 | |
| Watch Tower | 90 | |
| Stronghold | 2 | |
| Great Hall | 3 | |
| Fortress | 1 | |
| Beastiary | 3 | |
| Spirit Lodge | 2 | |
118 total
» build order
00:10 Altar of Storms
00:20 Orc Burrow
00:22 War Mill
01:18 Voodoo Lounge
01:49 Watch Tower
02:12 Watch Tower
02:49 Watch Tower
03:04 Watch Tower
03:08 Orc Burrow
03:24 Stronghold
03:24 Stronghold
03:59 Watch Tower
04:14 Watch Tower
04:48 Great Hall
04:54 Watch Tower
04:55 Watch Tower
05:04 Watch Tower
05:19 Watch Tower
05:48 Fortress
06:11 Beastiary
06:37 Watch Tower
06:43 Watch Tower
06:44 Watch Tower
06:55 Beastiary
07:00 Orc Burrow
07:43 Voodoo Lounge
07:51 Watch Tower
07:51 Watch Tower
08:55 Watch Tower
08:56 Watch Tower
09:37 Watch Tower
09:38 Watch Tower
09:41 Watch Tower
09:45 Watch Tower
11:12 Voodoo Lounge
11:27 Watch Tower
13:08 Voodoo Lounge
14:09 Watch Tower
14:09 Watch Tower
14:10 Watch Tower
14:11 Watch Tower
14:12 Watch Tower
14:13 Watch Tower
14:36 Watch Tower
14:37 Watch Tower
14:37 Watch Tower
18:01 Great Hall
18:06 Watch Tower
18:07 Watch Tower
18:07 Watch Tower
19:11 Orc Burrow
19:27 Watch Tower
19:40 Watch Tower
19:41 Watch Tower
19:41 Watch Tower
21:13 Watch Tower
21:15 Watch Tower
21:15 Watch Tower
21:16 Watch Tower
23:16 Spirit Lodge
37:07 Great Hall
37:14 Watch Tower
37:15 Watch Tower
37:16 Watch Tower
37:17 Watch Tower
37:18 Watch Tower
37:19 Watch Tower
37:20 Watch Tower
37:20 Watch Tower
37:21 Watch Tower
37:22 Watch Tower
37:23 Watch Tower
37:24 Watch Tower
37:25 Watch Tower
37:25 Watch Tower
37:26 Watch Tower
37:26 Watch Tower
37:27 Watch Tower
37:28 Watch Tower
37:29 Watch Tower
37:29 Watch Tower
37:30 Watch Tower
37:31 Watch Tower
37:31 Watch Tower
37:33 Watch Tower
37:34 Watch Tower
37:34 Watch Tower
37:35 Watch Tower
37:36 Watch Tower
37:36 Watch Tower
37:37 Watch Tower
42:57 Watch Tower
42:58 Watch Tower
42:58 Watch Tower
42:59 Watch Tower
42:59 Watch Tower
43:00 Watch Tower
44:11 Voodoo Lounge
44:13 Beastiary
44:15 Spirit Lodge
44:19 Altar of Storms
44:21 Orc Burrow
44:22 Orc Burrow
44:23 Orc Burrow
44:37 Orc Burrow
45:23 Watch Tower
45:23 Watch Tower
45:24 Watch Tower
45:25 Watch Tower
45:29 Watch Tower
45:31 Watch Tower
47:18 Watch Tower
47:19 Watch Tower
47:19 Watch Tower
47:20 Watch Tower
47:21 Watch Tower
47:22 Watch Tower
68:10 Orc Burrow
» items
| Healing Salve | 1 | |
| Lesser Clarity Potion | 5 | |
| Staff of Teleportation | 2 | |
| Boots of Speed | 2 | |
| Scroll of Speed | 1 | |
| Orb of Lightning | 4 | |
| Staff of Sanctuary | 2 | |
| Periapt of Vitality | 1 | |
18 total
Chat log
(00:34 / All) nutsonyochin.de: good luck have fun
(00:41 / All) AltarOfGorps: Good gorp, have gorp
(00:44 / All) Nerdfury75: you too
(00:55 / All) nutsonyochin.de: ty
(01:03 / All) nutsonyochin.de: it's nice to see somebody who have a manner in thi sgame
(01:05 / All) AltarOfGorps: Let the gorps begin
(01:08 / All) Nerdfury75: 10 years I havnt playd this gmae
(01:08 / All) nutsonyochin.de: you don't see it much in this year, 2016
(01:20 / All) hammerhugs: you did see it in other years
(01:25 / All) hammerhugs: i'm talking mostly about oh four
(01:26 / All) Nerdfury75: ye
(01:26 / All) nutsonyochin.de: excuse my friend he is excited about the upcoming gorp
(01:33 / All) Nerdfury75: what is gorp ?
(01:37 / All) AltarOfGorps: u about to find out
(01:40 / All) nutsonyochin.de: u ever did gorp?
(10:49 / All) nutsonyochin.de: Let Me Gorple That For You
(23:44 / All) nutsonyochin.de: u ever gorp?
(45:01 / All) AltarOfGorps: look like the gorpers became the gorpees
(45:11 / All) nutsonyochin.de: good gorp..
(52:45 / All) nutsonyochin.de: u ever gorp?
(52:45 / All) hammerhugs: engage
(53:11 / All) hammerhugs: Type "Battle" to begin Battle.
(58:42 / All) hammerhugs: at this hour we find what you're really made of
(58:51 / All) Nerdfury75: lol
(59:07 / All) AltarOfGorps: Do You Have What It Takes... ?
(59:27 / All) AltarOfGorps: Live Long and gorp
(59:28 / All) hammerhugs: reach up to the top and achieve your dreams please
(63:34 / All) hammerhugs: THERE'S A WARDEN AT THE TOP OF THE ISLAND
(66:33 / All) hammerhugs: Hey have you guys heard of upkeep?
(66:53 / All) nutsonyochin.de: u guys ever heard of upking
(67:00 / All) AltarOfGorps: u guys ever heard of gorpking
(67:01 / All) hammerhugs: you should take a look @ the score screen for this game
(67:05 / All) hammerhugs: the resources tab
(68:09 / All) AltarOfGorps: you found my base. his name was darryl
(68:12 / All) AltarOfGorps: RIP darryl
(72:34 / All) hammerhugs: you fought hard
(75:25 / All) AltarOfGorps: never strike a lady
(75:41 / All) nutsonyochin.de: never gorp a girl
(75:48 / All) Nerdfury75: you'll lose
(75:51 / All) AltarOfGorps: Gorp Girl (starring Ben Affleck)
(76:00 / All) hammerhugs: are you positive
(76:03 / All) nutsonyochin.de: i prefer her other book
(76:05 / All) nutsonyochin.de: gorp objects
(76:07 / All) hammerhugs: can we have this in writing
(76:18 / All) hammerhugs: purple
(76:23 / All) hammerhugs: have you heard of "Upkeep"?
(76:29 / All) hammerhugs: Nerd Fury
(76:36 / All) Nerdfury75: no
(76:38 / All) nutsonyochin.de: gorp places
(76:43 / All) hammerhugs: does your fury not burn for "UPkeep"
(77:31 / All) AltarOfGorps: what's the plan for defeating us
(77:38 / All) nutsonyochin.de: gorp u to death
(77:51 / All) AltarOfGorps: The Gorp Death Of The Universe
(78:05 / All) nutsonyochin.de: The Big Gorp
(78:13 / All) nutsonyochin.de: you guys ever watch my favorite show
(78:15 / All) nutsonyochin.de: the big gorp theory
(78:18 / All) nutsonyochin.de: bagorpa
(80:38 / All) nutsonyochin.de: Aran Gorpweaver
(80:58 / All) AltarOfGorps: Gorpalar
(81:15 / All) nutsonyochin.de: careful of all of the Gorp Towers on this island
(82:08 / All) hammerhugs: one must fall
(82:09 / All) hammerhugs: 2027
(83:05 / All) AltarOfGorps: how much gold u got
(83:08 / All) AltarOfGorps: we about 1500
(83:13 / All) nutsonyochin.de: how much gorp u got
(84:49 / All) AltarOfGorps: purp just 1 Q 4 u
(84:51 / All) hammerhugs: what do you feel that 2 boneyards accomplish
(84:56 / All) hammerhugs: that 1 could not
(85:09 / All) hammerhugs: did you need to get rid of more gold?
(88:34 / All) hammerhugs: that 2 boneyard investment really paying off now, since time was off the essence
(88:42 / All) hammerhugs: not to mention upgrading your ziggs to towers
(89:08 / All) hammerhugs: you don't have to click every button on screen you know
(92:05 / All) AltarOfGorps: are your brains running at half speed
(92:10 / All) AltarOfGorps: it takes you a really long time to do anything
(92:20 / All) nutsonyochin.de: Hello
(92:23 / All) AltarOfGorps: u ever gorped?
(92:25 / All) nutsonyochin.de: do you want to take a timeout and chat?
(92:31 / All) AltarOfGorps: u ever experience... "Ocean Gorpage"?
(92:47 / All) AltarOfGorps: your demon hunter experience ocean gorpage when we banished him 2 the bottom of the sea
(93:49 / All) AltarOfGorps: Ye Olde Switcheroo
(94:10 / All) AltarOfGorps: I Won't Allow This To Happen Again
(94:23 / All) AltarOfGorps: U Gorp Me Once; Shame on Me. U Gorp me Twice. damn.
(94:42 / All) AltarOfGorps: reminde me of an olde poem written by Edgorp Allan Poe:
(94:50 / All) AltarOfGorps: We Win, You Lose; You Love.. Tom Cruise
(95:35 / All) nutsonyochin.de: NERD FURY!!!
(95:42 / All) AltarOfGorps: damn u stink
(96:03 / All) AltarOfGorps: -1 chimaera
(96:19 / All) hammerhugs: question if you're here who's commanding the avengenerds
(96:49 / All) AltarOfGorps: Here We Gorp
(97:14 / All) AltarOfGorps: Damnit!! We can't Out play YOU
(99:01 / All) AltarOfGorps: Why Do You Fear Anthis So?
(100:13 / All) AltarOfGorps: What's the matter
(100:15 / All) AltarOfGorps: too flat ?
(100:18 / All) nutsonyochin.de: LaGorpe
(100:19 / All) AltarOfGorps: you flat brained idiot
(100:27 / All) nutsonyochin.de: NERDFURY
(100:41 / All) hammerhugs: maybe if you had more than 3 slaughter houses
(100:42 / All) AltarOfGorps: your head appears to be flat
(100:47 / All) AltarOfGorps: i view your head
(100:49 / All) AltarOfGorps: it has no curveature
(100:52 / All) AltarOfGorps: it's like a block ora cube
(100:55 / All) AltarOfGorps: how did it come 2 be this way
(100:58 / All) nutsonyochin.de: use acolyte skill 'unsummon' to get more gold!